 Dungeon Crawl Stone Soup version 0.28.0-47-ge53b351184 (webtiles) character file.

Game seed: 2873984188350161754

28 Descartes the Grasshopper (level 3, 0/27 HPs)
             Began as a Formicid Warper on May 8, 2022.
             Slain by an adder (1 damage)
             ... on level 2 of the Dungeon.
             The game lasted 00:01:11 (1387 turns).

Descartes the Grasshopper (Formicid Warper)         Turns: 1387, Time: 00:01:12

Health: 0/27       AC:  3    Str: 17    XL:     3   Next: 27%
Magic:  6/6        EV: 11    Int: 12    God:
Gold:   72         SH:  0    Dex: 10    Spells: 6/6 levels left

rFire   . . .      SeeInvis +   a - +0 mace
rCold   . . .      Faith    .   (no shield)
rNeg    . . .      Spirit   .   b - +0 leather armour
rPois   .          Reflect  .   (helmet unavailable)
rElec   .          Harm     .   (no cloak)
rCorr   .          Rampage  .   (no gloves)
Will    .....                   (no boots)
Stlth   +.........              (no amulet)
HPRegen 0.09/turn               (no ring)
MPRegen 0.10/turn               (no ring)

@: lethally poisoned (0 -> -3)
A: permanent stasis, dig shafts and tunnels, antennae 3, four strong arms
a: Dig, Shaft Self


You were on level 2 of the Dungeon.
You visited 1 branch of the dungeon, and saw 2 of its levels.

You collected 72 gold pieces.

Inventory:

Hand Weapons
 a - a +0 mace (weapon)
Missiles
 c - 5 boomerangs of dispersal (quivered)
 f - 26 sling bullets
 g - 4 boomerangs
Armour
 b - a +0 leather armour (worn)
Scrolls
 d - a scroll of blinking {unknown}
 e - a scroll of silence {unknown}
 h - a scroll of identify {unknown}
 i - a scroll of enchant weapon {unknown}
 k - a scroll of teleportation {unknown}


   Skills:
 - Level 2.1 Fighting
 + Level 2.4 Maces & Flails
 - Level 1.0 Throwing
 + Level 1.8 Armour
 - Level 1.7 Dodging
 + Level 1.4 Shields
 - Level 2.1 Spellcasting
 + Level 3.0 Translocations


You had 6 spell levels left.
You didn't know any spells.
Your spell library contained the following spells:

 Spells                   Type           Power      Damage    Failure   Level
 Gell's Gravitas          Tloc           8%         N/A       26%         3
 Lesser Beckoning         Tloc           8%         N/A       26%         3
 Teleport Other           Tloc           8%         N/A       26%         3
 Manifold Assault         Tloc           8%         N/A       94%         5
 Blink                    Tloc           Unusable   N/A       N/A         2

Dungeon Overview and Level Annotations

Branches:
Dungeon (2/15)

Altars:


Innate Abilities, Weirdness & Mutations

You cannot be hasted, slowed, berserked, paralysed or teleported.
You can dig through walls and to a lower floor.
You have a pair of large antennae on your head. (SInv)
Your four strong arms can wield two-handed weapons with a shield.


Message History

You are too injured to fight recklessly!
You are too injured to fight recklessly!
You are too injured to fight recklessly!
You are too injured to fight recklessly!
You are too injured to fight recklessly!
You are too injured to fight recklessly!
You are too injured to fight recklessly!
You feel sick. The bat hits you but does no damage.
The adder barely misses you.
You feel sick. The bat barely misses you.
You feel sick. The bat closely misses you. The bat hits you but does no damage.
You feel sick. The bat closely misses you.
You feel sick.
You are no longer poisoned.
The bat hits you but does no damage.
You miss the bat. The bat hits you but does no damage.
You barely miss the bat. The bat hits you.
* * * LOW HITPOINT WARNING * * *
The bat hits you but does no damage.
You thump the bat!
You kill the bat!
The adder bites you.
* * * LOW HITPOINT WARNING * * *
It was a potion of curing.
You feel better. The adder bites you. x2
You closely miss the adder. The adder bites you.
* * * LOW HITPOINT WARNING * * *
You miss the adder. The adder bites you.
* * * LOW HITPOINT WARNING * * *
The adder bites you.
* * * LOW HITPOINT WARNING * * *
You are lethally poisoned!
The adder poisons you!
You miss the adder.
* * * LOW HITPOINT WARNING * * *
You feel sick. The adder barely misses you.
The adder bites you but does no damage.
You hit the adder but do no damage.
* * * LOW HITPOINT WARNING * * *
You feel sick. The adder bites you.
You die...

#....##############
#............
#...######### #...#
#...# ##'## #.# #.#
#@# #S# #w#
##.#########
#..........# ##
#..........# ..
#..........# ##
#..........#
#..........#


You could see an adder and a dart slug.

Vanquished Creatures
  A worm (D:2)
  3 ball pythons (D:1)
  An endoplasm (D:1)
  3 giant cockroaches (D:1)
  2 hobgoblins (D:1)
  3 jackals (D:2)
  3 bats
  2 frilled lizards (D:1)
  2 kobolds (D:1)
  2 rats (D:1)
22 creatures vanquished.

Notes
Turn   | Place    | Note
-------+----------+-------------------------------------------
     0 | D:1      | Descartes the Formicid Warper began the quest for the Orb.
     0 | D:1      | Reached XP level 1. HP: 16/16 MP: 3/3
   332 | D:1      | Reached XP level 2. HP: 22/22 MP: 5/5
   569 | D:1      | Reached skill level 1 in Shields
  1061 | D:2      | Found a faded altar of an unknown god.
  1108 | D:2      | Reached XP level 3. HP: 27/27 MP: 6/6
  1174 | D:2      | Reached skill level 3 in Translocations
  1386 | D:2      | HP: 1/27 [poisoned by an adder]
  1387 | D:2      | Slain by an adder

Illustrated notes

Levels and vault maps discovered:
D:1:      minmay_arrival_jagged, layout_basic
D:2:      layout_basic, shapermc_ecumenical_altar_notcrosses,
          uniq_crazy_yiuf_cottage, uniq_sigmund

Skill      XL: |  1  2  3 |
---------------+----------+-----
Shields        | 1 |  1.4
Translocations | 3 |  3.0
Fighting       | |  2.1
Maces & Flails | |  2.4
Throwing       | |  1.0
Armour         | |  1.8
Dodging        | |  1.7
Spellcasting   | |  2.1

Action                   || total
-------------------------++-------
Melee: Mace              ||    74
       Punch             ||     1
  Use: Potion            ||     1
Armor: Leather armour    ||    22
Dodge: Dodged            ||    58
